 Dungeon Crawl Stone Soup version 0.31-a0-187-gba352fbbf7 (webtiles) character file.

Game seed: 11054156093652744966

35 qw the Shooter (level 3, -1/20 HPs)
             Began as a Deep Elf Hunter on June 22, 2023.
             Slain by Robin
             ... wielding a +0 mace
              (2 damage)
             ... on level 1 of the Dungeon.
             The game lasted 00:00:19 (589 turns).

qw the Shooter (Deep Elf Hunter)                     Turns: 589, Time: 00:00:19

Health: -1/20      AC:  3    Str: 16    XL:     3   Next: 16%
Magic:  5/5        EV: 12    Int: 13    God:
Gold:   37         SH:  0    Dex: 18    Spells: 2/2 levels left

rFire   . . .        Y - +0 shortbow
rCold   . . .        (shield currently unavailable)
rNeg    . . .        c - +0 leather armour
rPois   .            (no helmet)
rElec   .            (no cloak)
rCorr   .            (no gloves)
SInv    .            (no boots)
Will    .....        (no amulet)
Stlth   ++           e - +6 ring of strength
HPRegen 0.23/turn    (no ring)
MPRegen 0.09/turn

%: no passive effects
@: no status effects
A: no striking features
a: no special abilities


You were on level 1 of the Dungeon.
You visited 1 branch of the dungeon, and saw 2 of its levels.

You collected 37 gold pieces.


   Skills:
 - Level 1.5 Fighting
 + Level 6.7 Ranged Weapons
 - Level 2.4 Dodging
 - Level 1.2 Stealth


You had 2 spell levels left.
You didn't know any spells.
Your spell library was empty.

Inventory:

Hand Weapons
 Y - a +0 shortbow (weapon)
Armour
 c - a +0 leather armour (worn)
Jewellery
 e - a +6 ring of strength (left hand)
Potions
 f - a potion of curing
 j - a potion of heal wounds {unknown}

Dungeon Overview and Level Annotations

Branches:
Dungeon (2/15)

Altars:

Annotations:
D:1 Robin


Message History

You kill the frilled lizard!
The goblin misses you. The goblin barely misses you.
You shoot an arrow. The arrow hits the goblin.
The goblin is severely wounded.
The goblin closely misses you. The goblin hits you with a +0 dagger.
You shoot an arrow. The arrow hits the goblin.
You kill the goblin!
The goblin hits you with a +0 dagger.
You shoot an arrow. The arrow hits the goblin!
You kill the goblin!
You start resting.
HP restored.
Done exploring.
(D) Dungeon
Where to? (* - list waypoints, Enter - D:2, ? - help)
What level of the Dungeon? (default 1, ? - help)
You climb downwards.
Level annotation: Robin The hobgoblin shouts!
There is a stone staircase leading up here.
There are monsters nearby!
You shoot an arrow. The arrow barely misses Robin.
Robin drinks a potion.
Robin seems to grow stronger.
You shoot an arrow. The arrow hits Robin!
Robin is heavily wounded.
Robin roars a battlecry!
The hobgoblins go into a battle-frenzy!
You shoot an arrow. The arrow hits Robin.
Robin is severely wounded.
Robin hits you with a +0 mace. The hobgoblin closely misses you.
586 ||| STAIRDANCE The hobgoblin hits you.
Robin hits you with a +0 mace.
You climb upwards.
There is a stone staircase leading down, spattered with blood here.
You shoot an arrow. The arrow hits Robin.
Robin is almost dead.
Robin closely misses you. The hobgoblin hits you.
You shoot an arrow. The arrow barely misses Robin.
Robin hits you with a +0 mace.
You die...

#.#.# ####....#..##........
#...# ##.....##.##.#...###
#..## #....#.##.#.....## # #..#
##...##.#......### # #.##
#..####.......## #
#.#####..###...#.#.#### #
#........)....#....#..# ###
#####..###...##g..%.#.##..# #..
#......# ###.)@g..###..#..###.#
#......# #....###.# ##.#...##..
#......# #.#.###..# #..%......
#......###...###.#####...#...##
#.....>##..##....#.......###..#
#......#...####....##.##.###...
#..........##...####)........##
#........#....#### #.#.....####
####....#........###.#.....# #


You could see Robin (strong) and a hobgoblin (strong).

Vanquished Creatures
  A dart slug (D:1)
  2 bats (D:1)
  4 endoplasms (D:1)
  2 giant cockroaches (D:1)
  7 goblins
  7 hobgoblins (D:1)
  3 frilled lizards (D:1)
  A rat (D:1)
27 creatures vanquished.

Notes
Turn   | Place    | Note
-------+----------+-------------------------------------------
     0 | D:1      | qw the Deep Elf Hunter began the quest for the Orb.
     0 | D:1      | Reached XP level 1. HP: 12/12 MP: 3/3
     0 | D:1      | 0 ||| qw: Version: 0.3-a-9-g12657ce
     0 | D:1      | 0 ||| qw: Game counter: 2637
     0 | D:1      | 0 ||| qw: Always use a shield: true
     0 | D:1      | 0 ||| qw: God list: Okawaru
     0 | D:1      | 0 ||| qw: Allow faded altars: false
     0 | D:1      | 0 ||| qw: Do Orc after D:15 true
     0 | D:1      | 0 ||| qw: Do second Lair branch before Depths: true
     0 | D:1      | 0 ||| qw: Lair rune preference: random
     0 | D:1      | 0 ||| qw: Plans: Normal
     0 | D:1      | 0 ||| PLANNING D:1-11
    48 | D:1      | 48 ||| FLEEEEING.
    49 | D:1      | 49 ||| FLEEEEING.
    50 | D:1      | 50 ||| FLEEEEING.
    52 | D:1      | 52 ||| FLEEEEING.
    87 | D:1      | Reached skill level 6 in Ranged Weapons
    87 | D:1      | Reached XP level 2. HP: 16/16 MP: 4/4
   371 | D:1      | Reached XP level 3. HP: 20/20 MP: 5/5
   483 | D:1      | 483 ||| UPGRADING to +6 ring of strength.
   484 | D:1      | 484 ||| READING scroll labelled DEQENEMMUE.
   485 | D:1      | 485 ||| READING scroll labelled RORIRR HINE.
   488 | D:1      | 488 ||| READING scroll labelled GEIKHO JIROS.
   489 | D:1      | 489 ||| READING scroll labelled WONNUV JESOEX.
   490 | D:1      | 490 ||| DRINKING 2 murky white potions.
   491 | D:1      | 491 ||| DROPPING scroll of butterflies.
   517 | D:2      | Noticed Robin
   522 | D:2      | 522 ||| STAIRDANCE
   586 | D:2      | 586 ||| STAIRDANCE
   588 | D:1      | HP: 1/20 [hobgoblin[Robin] (6)]
   589 | D:1      | Slain by Robin

Levels and vault maps discovered:
D:1:      dpeg_arrival_rooms_c, layout_rooms
D:2:      layout_loops_ring, minmay_cut_off, uniq_terence, uniq_jessica,
          uniq_crazy_yiuf_cottage, uniq_robin

Skill      XL: |  1 |
---------------+----+-----
Ranged Weapons | 6 |  6.7
Fighting       | |  1.5
Dodging        | |  2.4
Stealth        | |  1.2

Action                     || total
---------------------------++-------
   Fire: Shortbow          ||    60
    Use: Scroll            ||     4
         Potion            ||     1
 Armour: Leather armour    ||     8
  Dodge: Dodged            ||    27

Table legend:
 A = Non-vault XP
 B = Vault XP
 C = Vault XP percentage of total XP
 D = Non-vault monster count
 E = Vault monster count
 F = Vault count percentage of total count
                 A         B        C        D         E       F
            +---------+---------+-------+---------+---------+-------
      Total |      43 |       7 |  14.0 |      23 |       4 |  14.8
            +---------+---------+-------+---------+---------+-------
        D:1 |      43 |       3 |   6.5 |      23 |       2 |   8.0
        D:2 |       0 |       4 | 100.0 |       0 |       2 | 100.0
            +---------+---------+-------+---------+---------+-------
